 Dungeon Crawl Stone Soup version 0.21.0-24-g2553a33 (webtiles) character file.

40779 cageyblood the Severer (level 14, -1/133 HPs)
             Began as a Hill Orc Berserker on Jan 19, 2018.
             Was a High Priest of Trog.
             Slain by a meliai
             ... wielding a +0 war axe
              (2 damage)
             ... on level 5 of the Lair of Beasts.
             The game lasted 02:17:23 (21759 turns).

cageyblood the Severer (Hill Orc Berserker)        Turns: 21759, Time: 02:17:24

Health: -1/133     AC: 25    Str: 23    XL:     14   Next: 12%
Magic:  17/17      EV:  8    Int: 12    God:    Trog [*****.]
Gold:   760        SH:  0    Dex: 13    Spells: 13/13 levels left

rFire    + + .     SeeInvis .   L - +3 executioner's axe of Petzupt {chop, Dex+2}
rCold    + . .     Gourm    +   (shield currently unavailable)
rNeg     . . .     Faith    .   w - +2 plate armour
rPois    .         Spirit   .   y - +2 helmet
rElec    .         Reflect  .   R - scarf {rC+ rF+}
rCorr    .         Harm     .   A - +2 pair of gloves
MR       +++++                  (no boots)
Stlth    ..........             l - amulet of the gourmand
HPRegen  0.32/turn              B - ring "Runenlah" {rF+ MR+++ Int+4 Stlth-}
MPRegen  0.15/turn              b - ring of protection from magic

@: berserk cooldown, slowed, very slow
A: no striking features
a: Berserk, Trog's Hand, Brothers in Arms, Burn Spellbooks, Renounce Religion


You were on level 5 of the Lair of Beasts.
You worshipped Trog.
Trog was extremely pleased with you.
You were full.

You visited 2 branches of the dungeon, and saw 16 of its levels.

You collected 969 gold pieces.
You spent 209 gold pieces at shops.

Inventory:

Hand Weapons
 K - a +6 antimagic battleaxe
 L - the +3 executioner's axe of Petzupt (weapon) {chop, Dex+2}
   (Trog gifted it to you on level 5 of the Lair of Beasts)

   It inflicts extra damage upon your enemies.
   It affects your dexterity (+2).
Missiles
 x - 28 tomahawks (quivered)
Armour
 w - a +2 plate armour (worn)
 y - a +2 helmet (worn)
 A - a +2 pair of gloves (worn)
 R - a scarf of resistance (worn)
Jewellery
 b - a ring of protection from magic (right hand)
 l - an amulet of the gourmand (around neck)
 B - the ring "Runenlah" (left hand) {rF+ MR+++ Int+4 Stlth-}
   (You found it on level 3 of the Lair of Beasts)

   [ring of protection from fire]

   It affects your intelligence (+4).
   It protects you from fire.
   It affects your resistance to hostile enchantments.
   It makes you less stealthy.
 C - an uncursed ring of resist corrosion
 N - a +3 ring of strength {unknown}
 Q - an uncursed ring of protection from fire {unknown}
Wands
 e - a wand of iceblast (19)
 f - a wand of disintegration (15)
 j - a wand of polymorph (9)
 m - a wand of enslavement (6)
 D - a wand of acid (14)
 I - a wand of paralysis (7)
 M - a wand of flame (45)
Scrolls
 o - 3 scrolls of fear {unknown}
 r - 2 scrolls of magic mapping
 z - 4 scrolls of teleportation
 H - 7 scrolls of remove curse
 O - a scroll of acquirement {unknown}
 S - 2 scrolls of identify
Potions
 g - a potion of haste
 k - 4 potions of heal wounds
 n - 2 potions of cancellation
 E - 5 potions of resistance
 F - a potion of might
 J - 2 potions of agility
Comestibles
 c - 8 rations


   Skills:
 - Level 14.3 Fighting
 * Level 18.5 Axes
 + Level 5.2 Throwing
 + Level 13.4 Armour
 - Level 1.6 Dodging
 * Level 4.0 Evocations


You had 13 spell levels left.
You didn't know any spells.

Dungeon Overview and Level Annotations

Branches:
Dungeon (10/15)            Temple (0/1) D:4            Lair (6/6) D:8
  Swamp (0/4) Lair:3       Spider (0/4) Lair:4        Slime (0/5) Lair:5
    Orc (0/2) D:9

Altars:
Dithmenos
Fedhas
Kikubaaqudgha
Qazlal
Sif Muna
Vehumet
Xom
Jiyva

Shops:
D:5 !   D:7 [   D:8 [[

Annotations:
Lair:1 1 transporter


Message History

The killer bee barely misses you. The meliai barely misses you. x2
The killer bee stings you but does no damage. x3
The killer bee barely misses you. x3; The meliai closely misses you.
The meliai stings you.
* * * LOW HITPOINT WARNING * * *
The killer bee stings you!
* * * LOW HITPOINT WARNING * * *
You are poisoned.
The killer bee poisons you! The killer bee stings you.
* * * LOW HITPOINT WARNING * * *
You are more poisoned.
The killer bee poisons you!
The killer bee stings you but does no damage.
The killer bee barely misses you. The killer bee misses you.
The killer bee stings you but does no damage. x2
The killer bee barely misses you. The meliai barely misses you. x2
You feel better. The killer bee barely misses you. The killer bee stings you!
* * * LOW HITPOINT WARNING * * *
The meliai hits you with a war axe.
You die...

##..# ... ####.### ... #...##
## .D ..### .#### ..... ###
### .#.y #......... #####
#.###..%. #.........
#...##### #...y># #.........
..#..#..#####..yyy#
#.........
#####.........)y@y#
#......... #
####.......y..######.........
# ##.........................
#.#........................
##.........................
##...............##.........
#.............P####..(......
##...........#### #.........
##..........#P# ##<.......


You could see a meliai (berserk) and 6 killer bees.

Vanquished Creatures
  Harold (Lair:2)
  5 hydras
  A centaur warrior (D:10)
  The ghost of Lucai the Cleaver, a novice MiBe of Trog (D:10)
  The ghost of Lucai the Cleaver, a novice MiBe of Trog (D:9)
  5 two-headed ogres
  6 death yaks (Lair:3)
  6 elephants (Lair:6)
  3 black mambas (Lair:5)
  A torpor snail (Lair:2)
  8 rime drakes
  9 spiny frogs
  5 komodo dragons
  2 meliai (Lair:5)
  A queen bee (Lair:5)
  A troll (D:9)
  5 blink frogs
  A meliai zombie (D:10)
  5 dream sheep (Lair:6)
  3 hippogriffs
  A wyvern (D:10)
  A vampire (D:10)
  2 spriggans (Lair:6)
  3 basilisks
  26 yaks
  A hungry ghost (D:7)
  Menkaure (D:7)
  3 swamp worms (Lair:3)
  6 porcupines
  14 water moccasins
  8 orc warriors
  3 phantoms
  A swamp drake (D:9)
  A sky beast (D:10)
  A black bear (D:10)
  A boggart (Lair:6)
  15 wolves
  5 ogres
  5 centaurs
  8 crocodiles
  3 big kobolds
  11 bullfrogs
  A wyvern zombie (D:6)
  4 scorpions
  13 killer bees
  7 wights
  An electric eel (Lair:3)
  2 howler monkeys
  3 crimson imps
  A bullfrog zombie (D:9)
  A centaur zombie (D:7)
  2 jellies
  9 orc priests
  2 bullfrog skeletons
  2 hounds
  6 iguanas
  12 orc wizards
  3 centaur skeletons
  5 worker ants
  2 hound zombies
  Robin (D:3)
  3 gnolls (D:5)
  19 adders
  7 shadow imps
  An ooze (D:1)
  An adder zombie (D:5)
  3 adder skeletons
  6 worms
  2 dart slugs
  4 leopard geckos
  51 orcs
  2 ball pythons
  4 bats
  5 giant cockroaches
  18 goblins
  7 hobgoblins
  8 jackals
  2 quokkas
  A jackal skeleton (D:3)
  14 kobolds
  A leopard gecko skeleton (D:7)
  6 rats
  4 fungi
  10 plants
446 creatures vanquished.

Vanquished Creatures (others)
  9 fungi
  4 plants
13 creatures vanquished.

Grand Total: 459 creatures vanquished

Notes
Turn   | Place    | Note
-------+----------+-------------------------------------------
     0 | D:1      | cageyblood the Hill Orc Berserker began the quest for the Orb.
     0 | D:1      | Reached XP level 1. HP: 19/19 MP: 1/1
   202 | D:1      | Reached XP level 2. HP: 22/27 MP: 2/2
   931 | D:1      | Reached XP level 3. HP: 23/33 MP: 3/3
  1313 | D:2      | Reached skill level 5 in Axes
  1640 | D:2      | Found a shimmering altar of Xom.
  1670 | D:2      | Reached XP level 4. HP: 40/40 MP: 4/4
  2027 | D:2      | Reached ** piety under Trog
  2728 | D:3      | Reached XP level 5. HP: 47/47 MP: 5/5
  2845 | D:3      | Reached skill level 6 in Axes
  3010 | D:3      | Found a faded altar of an unknown god.
  3010 | D:3      | Found a faded altar of an unknown god.
  3010 | D:3      | Noticed Robin
  3040 | D:3      | Killed Robin
  3087 | D:3      | Found an ancient bone altar of Kikubaaqudgha.
  3090 | D:3      | Found a deep blue altar of Sif Muna.
  3092 | D:3      | Found a shadowy altar of Dithmenos.
  3234 | D:3      | You fall through a shaft!
  3239 | D:4      | Reached skill level 5 in Fighting
  3243 | D:4      | Reached XP level 6. HP: 56/56 MP: 6/6
  3309 | D:4      | Reached skill level 7 in Axes
  3461 | D:4      | Found a staircase to the Ecumenical Temple.
  3711 | D:4      | Reached *** piety under Trog
  3712 | D:4      | Reached XP level 7. HP: 61/61 MP: 7/7
  3946 | D:4      | Found a blossoming altar of Fedhas.
  4287 | D:5      | Entered Level 5 of the Dungeon
  4297 | D:5      | Reached skill level 8 in Axes
  4760 | D:5      | Found Yris's Distillery.
  4795 | D:5      | Bought 3 potions of heal wounds for 165 gold pieces
  4795 | D:5      | Bought a potion of agility for 44 gold pieces
  5188 | D:6      | Found a radiant altar of Vehumet.
  5257 | D:6      | Reached skill level 5 in Armour
  5278 | D:6      | Reached skill level 9 in Axes
  5278 | D:6      | Reached XP level 8. HP: 71/71 MP: 8/8
  5515 | D:6      | Reached skill level 10 in Axes
  5890 | D:6      | You fall through a shaft!
  6200 | D:7      | Noticed Menkaure
  6221 | D:7      | Killed Menkaure
  6558 | D:7      | Reached **** piety under Trog
  6609 | D:7      | Reached skill level 11 in Axes
  6609 | D:7      | Reached XP level 9. HP: 76/79 MP: 9/9
  6838 | D:7      | Found Inyrphag's Antique Armour Emporium.
  8023 | D:8      | Found a staircase to the Lair.
  8045 | D:8      | Noticed a two-headed ogre
  8049 | D:8      | Killed a two-headed ogre
  8049 | D:8      | Reached skill level 12 in Axes
  8335 | D:8      | Reached XP level 10. HP: 87/91 MP: 8/10
  8398 | D:8      | Reached skill level 13 in Axes
  8580 | D:8      | Found Gipuadd's Armour Shop.
  8594 | D:8      | Found a stormy altar of Qazlal.
  8623 | D:8      | Noticed a two-headed ogre
  8633 | D:8      | Killed a two-headed ogre
  8719 | D:8      | Found Gaploota's Antique Armour Boutique.
  9275 | D:9      | Noticed a two-headed ogre
  9280 | D:9      | Killed a two-headed ogre
  9280 | D:9      | Reached skill level 14 in Axes
  9472 | D:9      | Noticed a two-headed ogre
  9480 | D:9      | Killed a two-headed ogre
  9480 | D:9      | Reached skill level 10 in Fighting
 10040 | D:9      | Reached ***** piety under Trog
 10042 | D:9      | Found a staircase to the Orcish Mines.
 10047 | D:9      | Reached XP level 11. HP: 89/101 MP: 11/11
 10352 | D:10     | Entered Level 10 of the Dungeon
 10356 | D:9      | Noticed Lucai's ghost (novice MiBe)
 10359 | D:9      | Killed Lucai's ghost
 10359 | D:9      | Reached skill level 10 in Armour
 10571 | D:10     | Noticed a centaur warrior
 10580 | D:10     | Killed a centaur warrior
 11108 | D:10     | Noticed Lucai's ghost (novice MiBe)
 11372 | D:10     | Killed Lucai's ghost
 11517 | D:10     | Noticed a two-headed ogre
 11523 | D:10     | Killed a two-headed ogre
 13251 | Lair:1   | Entered Level 1 of the Lair of Beasts
 13433 | Lair:1   | Found a transporter.
 13880 | Lair:2   | Reached skill level 15 in Axes
 13880 | Lair:2   | Reached XP level 12. HP: 74/113 MP: 7/12
 14858 | Lair:2   | Noticed Harold
 14871 | Lair:2   | Killed Harold
 15492 | Lair:3   | Found a staircase to the Swamp.
 15948 | Lair:3   | Reached skill level 16 in Axes
 16007 | Lair:3   | Got an ancient silver ring
 16345 | Lair:3   | Noticed a death yak
 16346 | Lair:3   | Noticed a death yak
 16346 | Lair:3   | Noticed a death yak
 16347 | Lair:3   | Noticed a death yak
 16347 | Lair:3   | Noticed a death yak
 16347 | Lair:3   | Noticed a death yak
 16352 | Lair:3   | Killed a death yak
 16352 | Lair:3   | Killed a death yak
 16352 | Lair:3   | Reached skill level 1 in Throwing
 16353 | Lair:3   | Killed a death yak
 16354 | Lair:3   | Killed a death yak
 16356 | Lair:3   | Killed a death yak
 16361 | Lair:3   | Killed a death yak
 17019 | Lair:4   | Received a gift from Trog
 17147 | Lair:4   | You fall through a shaft for 2 floors!
 17147 | Lair:6   | Entered Level 6 of the Lair of Beasts
 17155 | Lair:6   | Reached XP level 13. HP: 112/123 MP: 4/13
 17200 | Lair:6   | Reached skill level 17 in Axes
 18635 | Lair:4   | Reached skill level 18 in Axes
 18885 | Lair:4   | Found a hole to the Spider Nest.
 18945 | Lair:4   | Reached skill level 1 in Evocations
 20043 | Lair:4   | Identified the ring "Runenlah" {rF+ MR+++ Int+4 Stlth-} (You found it on level 3 of the Lair of Beasts)
 20175 | Lair:5   | Found a staircase to the Slime Pits.
 20175 | Lair:5   | Found a viscous altar of Jiyva.
 20493 | Lair:5   | Received a gift from Trog
 20499 | Lair:5   | Got a bone executioner's axe {god gift}
 20506 | Lair:5   | Identified the +3 executioner's axe of Petzupt {chop, Dex+2} (Trog gifted it to you on level 5 of the Lair of Beasts)
 20740 | Lair:5   | Reached skill level 5 in Throwing
 20740 | Lair:5   | Reached XP level 14. HP: 129/133 MP: 16/16
 21683 | Lair:5   | Found the +8 whip "Snakebite" {curare, rPois}
 21758 | Lair:5   | HP: 4/133 [killer bee (12)]
 21759 | Lair:5   | HP: 1/133 [killer bee (8)]
 21759 | Lair:5   | Slain by a meliai

Skill      XL: |  1  2  3  4  5  6  7  8  9 10 11 12 13 14 |
---------------+-------------------------------------------+-----
Fighting       | 4 5 6 7 9 10 12 13 14 | 14.3
Axes           | 5 6 7 9 11 12 14 15 16 18 | 18.5
Armour         | 3 4 5 6 7 9 11 12 13 | 13.4
Throwing       | 2 5 |  5.2
Evocations     | 3 4 |  4.0
Dodging        | |  1.6

Action                   |  1- 3 |  4- 6 |  7- 9 | 10-12 | 13-15 || total
-------------------------+-------+-------+-------+-------+-------++-------
Melee: Hand axe          |    92 |   162 |   202 |       |       ||   456
       Battleaxe         |       |       |    22 |   345 |   241 ||   608
       Executioner's axe |       |       |       |       |    62 ||    62
Throw: Tomahawk          |       |       |     1 |     4 |       ||     5
Invok: Berserk           |     7 |     7 |     9 |    12 |    11 ||    46
       Trog's Hand       |       |     1 |       |       |     1 ||     2
       Brothers in Arms  |       |       |       |     3 |       ||     3
Evoke: Wand              |       |       |     3 |       |     9 ||    12
  Use: Scroll            |     2 |     8 |    10 |    13 |     8 ||    41
       Potion            |       |       |       |     2 |    12 ||    14
  Eat: Chunk             |     5 |    10 |     8 |    13 |    26 ||    62
       Ration            |     1 |     2 |     5 |     8 |       ||    16
Armor: Leather armour    |    38 |    26 |       |       |       ||    64
       Plate armour      |       |    55 |   141 |   225 |   411 ||   832
Dodge: Dodged            |    68 |    64 |    69 |    96 |   227 ||   524
